 Dungeon Crawl Stone Soup version 0.18.1-48-g4cf74bf (webtiles) character file.

406 tyrion the Magician (level 6, 0/45 HPs)
             Began as a Mummy Wizard on July 15, 2016.
             Slain by a howler monkey (2 damage)
             ... on level 5 of the Dungeon.
             The game lasted 00:16:32 (6600 turns).

tyrion the Magician (Mummy Wizard)                  Turns: 6600, Time: 00:16:33

Health: 0/45       AC:  2    Str: 10    XL:     6   Next: 56%
Magic:  0/11       EV: 12    Int: 19    God:
Gold:   104        SH:  0    Dex: 11    Spells: 5 memorised, 2 levels left

rFire  x . .     SeeInvis .     f - +1 dagger (vamp)
rCold  + . .     Gourm    .     a - +0 robe
rNeg   + + +     Faith    .     (no shield)
rPois  ∞         Spirit   .     b - +0 hat
rElec  .         Dismiss  .     (no cloak)
rCorr  .         Reflect  .     (no gloves)
SustAt .         Harm     .     (no boots)
MR     .....                    (no amulet)
Stlth  ++........               (no ring)
                                (no ring)

@: very slightly contaminated, not resistant to hostile enchantments, unstealthy
A: no food or potions, fire vulnerability, cold resistance 1, negative energy
resistance 3, torment resistance, unbreathing
a: no special abilities


You were on level 5 of the Dungeon.
You were not hungry.

You visited 1 branch of the dungeon, and saw 6 of its levels.

You collected 260 gold pieces.
You spent 156 gold pieces at shops.

Inventory:

Hand Weapons
 f - a +1 vampiric dagger (weapon)
Missiles
 h - 4 throwing nets (quivered)
Armour
 a - a +0 robe (worn)
 b - a +0 hat (worn)
Jewellery
 j - a +1 ring of protection {unknown}
Wands
 g - a wand of digging (0/24)
Scrolls
 d - 4 scrolls of identify
 e - a scroll of recharging
 i - 2 scrolls of remove curse
Books
 c - a book of Minor Magic

   Spells                             Type                      Level
   a - Magic Dart                     Conjuration                  1
   b - Blink                          Translocation                2
   c - Call Imp                       Summoning                    2
   d - Repel Missiles                 Charms/Air                   2
   e - Slow                           Hexes                        2
   f - Conjure Flame                  Conjuration/Fire             3
   g - Mephitic Cloud                 Conjuration/Poison/Air       3


   Skills:
 + Level 2.3 Fighting
 - Level 0.2 Short Blades
 - Level 2.4 Dodging
 * Level 2.1 Stealth
 + Level 3.6 Spellcasting
 * Level 3.2 Conjurations
 - Level 0.7 Summonings
 - Level 0.7 Translocations
 - Level 1.5 Air Magic
 - Level 1.2 Poison Magic


You had 2 spell levels left.
You knew the following spells:

 Your Spells              Type           Power        Failure   Level  Hunger
a - Magic Dart            Conj           ###.         4%          1    N/A
b - Blink                 Tloc           N/A          17%         2    N/A
c - Call Imp              Summ           #.......     17%         2    N/A
d - Repel Missiles        Chrm/Air       #.....       17%         2    N/A
e - Mephitic Cloud        Conj/Pois/Air  ##......     21%         3    N/A

Dungeon Overview and Level Annotations

Branches:
Dungeon (6/15)             Temple (0/1) D:4

Altars:
Elyvilon
Makhleb
Nemelex Xobeh
Okawaru
Pakellas
Ru
Vehumet
Xom
Yredelemnul

Shops:
D:4 *

Annotations:
D:5 exclusion: statue
D:6 Sigmund


Innate Abilities, Weirdness & Mutations

You do not eat or drink.
Your flesh is vulnerable to fire.
You are immune to poison.
Your flesh is cold resistant.
You are immune to negative energy.
You are immune to unholy pain and torment.
You can survive without breathing.


Message History

Unknown command.
Unknown command.
Unknown command.
Unknown command.
Casting: Call Imp
Confirm with . or Enter, or press ? or * to list all spells.
Aiming: Mephitic Cloud
Press: ? - help, Shift-Dir - straight line, f - you You miscast Mephitic Cloud.
You are very lightly contaminated with residual magic.
Nothing appears to happen.
The quokka misses you.
The howler monkey hits you but does no damage.
The howler monkey bites you but does no damage.
Unknown command.
Unknown command.
The howler monkey closely misses you. The howler monkey barely misses you.
The quokka bites you.
* * * LOW HITPOINT WARNING * * *
The howler monkey hits you.
You die...

#...##..###..##.....
#.............#....(
#.............#.....
#...##..#######.)#..
#...##..###..##..###
#....Z.......#....#
#...r........'....#
#...h........#....#
#..@.........##..###
#...##'####..##..#..
#...##..####'##.....
#.............#.....
#.............#.....
####################


You could see a howler monkey, a worker ant zombie and a quokka.

Vanquished Creatures
  An ogre (D:5)
  A scorpion (D:5)
  An orc wizard (D:4)
  A gnoll (D:4)
  2 adders (D:3)
  An ooze (D:1)
  An adder skeleton (D:5)
  An adder zombie (D:5)
  2 worms
  16 orcs
  3 ball pythons
  4 giant cockroaches
  15 goblins
  5 hobgoblins
  6 jackals
  4 kobolds
  A quokka (D:5)
  6 bats
  7 giant newts
  2 gnoll zombies (D:3)
  2 rats
82 creatures vanquished.

Vanquished Creatures (collateral kills)
  A scorpion (D:4)
  A giant frog skeleton (D:4)
  An iguana (D:3)
  A worker ant (D:4)
  Robin (D:4)
  2 gnolls
  An adder (D:4)
  A worm (D:3)
  A dart slug (D:1)
  4 orcs (D:4)
  A giant cockroach (D:2)
  2 goblins
  2 hobgoblins (D:4)
  A kobold (D:2)
20 creatures vanquished.

Vanquished Creatures (others)
  A goblin (D:4)
1 creature vanquished.

Grand Total: 103 creatures vanquished

Notes
Turn   | Place    | Note
--------------------------------------------------------------
     0 | D:1      | tyrion the Mummy Wizard began the quest for the Orb.
     0 | D:1      | Reached XP level 1. HP: 13/13 MP: 4/4
     8 | D:1      | Reached skill level 1 in Conjurations
   194 | D:1      | Reached XP level 2. HP: 15/20 MP: 0/6
   252 | D:1      | Learned a level 2 spell: Blink
   255 | D:1      | Learned a level 2 spell: Call Imp
   258 | D:1      | Learned a level 2 spell: Repel Missiles
   272 | D:1      | Reached skill level 1 in Fighting
  1013 | D:2      | Reached XP level 3. HP: 25/26 MP: 2/7
  1444 | D:2      | Found a sparkling altar of Nemelex Xobeh.
  2270 | D:3      | Found a sacrificial altar of Ru.
  2730 | D:3      | Reached XP level 4. HP: 22/32 MP: 1/8
  2840 | D:3      | Found a shimmering altar of Xom.
  2843 | D:3      | Found a burning altar of Makhleb.
  2846 | D:3      | Found a white marble altar of Elyvilon.
  2981 | D:3      | Found a basalt altar of Yredelemnul.
  3017 | D:3      | Found an iron altar of Okawaru.
  3458 | D:4      | Noticed Robin
  3570 | D:4      | Found Mupinus's Assorted Antiques.
  4168 | D:3      | Reached XP level 5. HP: 38/38 MP: 5/10
  4190 | D:3      | Learned a level 3 spell: Mephitic Cloud
  4200 | D:4      | Found an oddly glowing altar of Pakellas.
  4869 | D:4      | Killed Robin
  4869 | D:4      | Reached skill level 1 in Air Magic
  5034 | D:4      | Bought 2 scrolls of remove curse for 156 gold pieces
  5089 | D:4      | Found a staircase to the Ecumenical Temple.
  5769 | D:4      | Reached skill level 1 in Poison Magic
  6073 | D:5      | Entered Level 5 of the Dungeon
  6082 | D:5      | Noticed an ogre
  6105 | D:5      | Killed an ogre
  6105 | D:5      | Reached XP level 6. HP: 43/44 MP: 6/11
  6426 | D:5      | Found a radiant altar of Vehumet.
  6595 | D:6      | Noticed Sigmund
  6599 | D:5      | HP: 2/45 [quokka (4)]
  6600 | D:5      | Slain by a howler monkey

Skill      XL: |  1  2  3  4  5  6 |
---------------+-------------------+-----
Conjurations   | 1 2 3 |  3.2
Fighting       | 1 2 |  2.3
Dodging        | 2 |  2.4
Air Magic      | 1 |  1.5
Poison Magic   | 1 |  1.2
Stealth        | 2 |  2.1
Short Blades   | |  0.2
Spellcasting   | |  3.6
Summonings     | |  0.7
Translocations | |  0.7

Action                   |  1- 3 |  4- 6 || total
-------------------------+-------+-------++-------
Melee: Unarmed           |    29 |       ||    29
       Dagger            |    25 |   147 ||   172
 Cast: Magic Dart        |    94 |    96 ||   190
       Call Imp          |     5 |    39 ||    44
       Blink             |       |     4 ||     4
       Mephitic Cloud    |       |    15 ||    15
Evoke: Wand              |       |     1 ||     1
  Use: Scroll            |     4 |     6 ||    10
 Stab: Confused          |       |    10 ||    10
Armor: Robe              |    18 |    14 ||    32
Dodge: Dodged            |    62 |   137 ||   199
